 Dungeon Crawl Stone Soup version 0.26.1-11-gd32895ea62 (webtiles) character file.

Game seed: 2268706999911938190

80 H0rd4k the Insei (level 4, -1/28 HPs)
             Began as an Octopode Transmuter on June 15, 2021.
             Slain by an orc wizard
             ... wielding a +0 dagger
              (2 damage)
             ... on level 3 of the Dungeon.
             The game lasted 00:03:08 (2706 turns).

H0rd4k the Insei (Octopode Transmuter)              Turns: 2706, Time: 00:03:08

Health: -1/28      AC:  2    Str:  9    XL:     4   Next: 39%
Magic:  4/7        EV: 19    Int: 16    God:
Gold:   50         SH:  0    Dex: 17    Spells: 3/7 levels left

rFire    . . .     SeeInvis .     - Unarmed
rCold    . . .     Faith    .   (shield currently unavailable)
rNeg     . . .     Spirit   .   (helmet currently unavailable)
rPois    x         Reflect  .   (no amulet)
rElec    .         Harm     .   (no ring)
rCorr    .         Rampage  .   (no ring)
Will     .....                  (no ring)
Stlth    ++........             (no ring)
HPRegen  0.09/turn              (no ring)
MPRegen  0.10/turn              (no ring)
                                (no ring)
                                (no ring)

@: spider-form (expiring)
A: tiny, almost no armour, stealthy swim, (amphibious), 8 rings, (constrict 8)
a: End Transformation


You were on level 3 of the Dungeon.
You were a venomous arachnid creature.
You visited 1 branch of the dungeon, and saw 3 of its levels.

You collected 50 gold pieces.

Inventory:

Missiles
 b - 32 poisoned darts (quivered)
Armour
 j - a +1 hat (melded)
Scrolls
 a - 5 scrolls of identify {unknown}
 d - 2 scrolls of magic mapping {unknown}
 g - 2 scrolls of remove curse {unknown}
 i - 2 scrolls of teleportation {unknown}
Potions
 c - a potion of cancellation {unknown}
 e - a potion of resistance {unknown}
 f - a potion of degeneration {unknown}
 h - a potion of invisibility {unknown}


   Skills:
 + Level 1.0 Fighting
 + Level 1.0 Throwing
 - Level 2.0 Dodging
 - Level 1.5 Stealth
 + Level 4.1 Unarmed Combat
 * Level 2.3 Spellcasting
 * Level 2.2 Transmutations
 * Level 0.7 Poison Magic


You had 3 spell levels left.
You knew the following spells:

 Your Spells              Type           Power        Failure   Level
a - Beastly Appendage     Tmut           18%          21%         1
b - Spider Form           Tmut/Pois      3%           54%         3

Your spell library contained the following spells:

 Spells                   Type           Power        Failure   Level
 Wereblood                Tmut           9%           28%         2
 Ice Form                 Ice/Tmut       5%           90%         4
 Blade Hands              Tmut           4%           98%         5


Dungeon Overview and Level Annotations

Branches:
Dungeon (3/15)

Altars:


Innate Abilities, Weirdness & Mutations

You cannot wear most types of armour.
You are very stealthy in the water. (Stealth+)
((You are amphibious.))
You can wear up to eight rings at the same time.
((You can use your tentacles to constrict eight enemies at once.))
((Your skin changes colour to match your surroundings (Stealth+).))
((Your rubbery body absorbs attacks. (AC +1, EV +1)))


Message History

Cast which spell? (? or * to list)
The spell is extremely dangerous to cast (32% risk of failure)!
Continue anyway?
You turn into a venomous arachnid creature.
Your +1 hat melds into your body.
Your transformation is almost over.
The orc hits you.
You hit the orc.
The orc is poisoned.
The orc is almost dead.
You kill the orc!
Something hits you. The orc barely misses you.
Things that are here:
a +0 leather armour; an orc corpse You hit something.
Something hits you.
You hit something. Something hits you.
You barely miss something. Something hits you.
* * * LOW HITPOINT WARNING * * *
You closely miss something. Something hits you.
* * * LOW HITPOINT WARNING * * *
You hit something. Something hits you.
You die...

#####
#...#######
#..........
.##########.†.#
#........s[o.##
#.$..#.######
.#. #.# #.# #.#
#.#
#.############
#............#
############.#


You could see an orc.

Vanquished Creatures
  3 adders (D:2)
  3 worms (D:2)
  2 dart slugs
  A leopard gecko (D:2)
  An orc (D:3)
  2 giant cockroaches
  2 hobgoblins
  8 kobolds
  A quokka (D:2)
  2 ball pythons
  3 bats (D:1)
  5 frilled lizards
  7 goblins
  3 rats (D:2)
43 creatures vanquished.

Notes
Turn   | Place    | Note
-------+----------+-------------------------------------------
     0 | D:1      | H0rd4k the Octopode Transmuter began the quest for the Orb.
     0 | D:1      | Reached XP level 1. HP: 13/13 MP: 3/3
   196 | D:1      | Reached XP level 2. HP: 3/18 MP: 5/5
   976 | D:1      | You fall into a shaft and drop 1 floor!
   999 | D:2      | Reached skill level 1 in Stealth
  1009 | D:2      | Reached XP level 3. HP: 12/23 MP: 6/6
  1377 | D:2      | Reached skill level 4 in Unarmed Combat
  1881 | D:2      | Learned a level 3 spell: Spider Form
  2054 | D:2      | Reached XP level 4. HP: 28/28 MP: 7/7
  2220 | D:2      | Reached skill level 1 in Throwing
  2705 | D:3      | HP: 1/28 [something (4)]
  2706 | D:3      | Slain by an orc wizard

Illustrated notes

Levels and vault maps discovered:
D:1:      dpeg_arrival_windows_large_door, layout_loops_ring,
          minmay_tromino_mix6
D:2:      layout_loops_cross
D:3:      layout_loops_ring, gammafunk_ghost_grave

Skill      XL: |  1  2  3  4 |
---------------+-------------+-----
Stealth        | 1 |  1.5
Unarmed Combat | 4 |  4.1
Throwing       | 1 |  1.0
Fighting       | |  1.0
Dodging        | |  2.0
Spellcasting   | |  2.3
Transmutations | |  2.2
Poison Magic   | |  0.7

Action                   |  1- 3 |  4- 6 || total
-------------------------+-------+-------++-------
Melee: Unarmed           |    70 |    26 ||    96
       Constrict         |    20 |     3 ||    23
       Tentacles         |    10 |     6 ||    16
Throw: Dart              |    18 |     5 ||    23
 Cast: Spider Form       |       |     1 ||     1
 Stab: Sleeping          |     7 |       ||     7
Armor: Skin              |     2 |       ||     2
Dodge: Dodged            |    46 |     8 ||    54
